 Dungeon Crawl Stone Soup version 0.29-a0-892-g2c4c91d9db (webtiles) character file.

Game seed: 662770604721504641

14386 nucleargodhead the Warrior (level 11, -6/172 HPs)
             Began as a Minotaur Berserker on July 23, 2022.
             Was an Elder of Trog.
             Mangled by a death yak (17 damage)
             ... on level 2 of the Lair of Beasts.
             The game lasted 00:24:21 (16565 turns).

nucleargodhead the Warrior (Minotaur Berserker)    Turns: 16565, Time: 00:24:22

Health: -6/172     AC: 13    Str: 26    XL:     11   Next: 88%
Magic:  10/10      EV:  7    Int:  4    God:    Trog [****..]
Gold:   694        SH:  0    Dex: 10    Spells: 10/10 levels left

rFire   . . .      SeeInvis .   O - +3 great sword (flame)
rCold   . . .      Faith    +   (shield currently unavailable)
rNeg    . . .      Spirit   .   N - +0 plate armour
rPois   +          Reflect  .   (helmet restricted)
rElec   .          Harm     .   g - +1 cloak {rPois}
rCorr   .          Rampage  .   (no gloves)
Will    .....                   (no boots)
Stlth   ..........              f - amulet of faith
HPRegen 0.38/turn               (no ring)
MPRegen 0.12/turn               (no ring)

@: berserking, very quick
A: horns 2, retaliatory headbutt
a: Renounce Religion, Berserk, Trog's Hand, Brothers in Arms


You were on level 2 of the Lair of Beasts.
You worshipped Trog.
Trog was greatly pleased with you.
You visited 2 branches of the dungeon, and saw 12 of its levels.
You also visited: Gauntlet.

You collected 694 gold pieces.

Inventory:

Hand Weapons
 a - a +0 falchion
 z - a +3 great sword of protection
 A - a +0 scimitar
 B - a +4 long sword
 L - a +2 scimitar of flaming
 O - a +3 great sword of flaming (weapon)
Armour
 g - a +1 cloak of poison resistance (worn)
 N - a +0 plate armour (worn)
 Q - the -1 hat of Carghax {rElec Will+ rCorr}
   (You found it in a Gauntlet)

   rElec:     It insulates you from electricity.
   rCorr:     It protects you from acid and corrosion.
   Will:      It increases your willpower.
Jewellery
 f - an amulet of faith (around neck)
 u - an amulet of the acrobat
 v - a ring of protection from cold
 C - the ring "Qooh" {Ice rElec rPois Int+4}
   (You found it in a Gauntlet)

   [ring of ice]

   It enhances your ice magic.
   Int:       It affects your intelligence (+4).
   rF:        It makes you vulnerable to fire.
   rC:        It protects you from cold.
   rElec:     It insulates you from electricity.
   rPois:     It protects you from poison.
 D - the ring "Keongim" {*Corrode rF+++ rC+ Str+10 Int-5}
   (You found it on level 7 of the Dungeon)

   [ring of protection from cold]

   Str:       It affects your strength (+10).
   Int:       It affects your intelligence (-5).
   rF:        It renders you almost immune to fire.
   rC:        It protects you from cold.
   *Corrode:  It may corrode you when you take damage.
Wands
 q - a wand of polymorph (23)
 F - a wand of charming (4)
 G - a wand of digging (5)
 M - a wand of light (7)
Scrolls
 b - 4 scrolls of vulnerability
 e - 5 scrolls of poison
 j - 3 scrolls of fear
 k - 2 scrolls of noise
 l - 5 scrolls of enchant weapon
 m - a scroll of amnesia {unknown}
 r - a scroll of brand weapon
 s - 4 scrolls of teleportation
 t - a scroll of magic mapping
 w - 2 scrolls of torment {unknown}
 E - a scroll of silence
 J - a scroll of enchant armour {unknown}
 K - a scroll of blinking
 P - a scroll of fog {unknown}
Potions
 c - 2 potions of brilliance
 d - 3 potions of resistance {unknown}
 h - 2 potions of cancellation {unknown}
 i - 4 potions of heal wounds {unknown}
 n - 5 potions of curing
 o - a potion of flight {unknown}
 p - 4 potions of might {unknown}
 x - 2 potions of lignification {unknown}
 H - a potion of attraction {unknown}
 I - 2 potions of invisibility {unknown}


   Skills:
 + Level 16.4 Fighting
 + Level 16.4 Long Blades
 - Level 2.4 Armour
 - Level 2.1 Dodging


You had 10 spell levels left.
You didn't know any spells.
Your spell library was empty.

Dungeon Overview and Level Annotations

Branches:
Dungeon (10/15)            Temple (0/1) D:6            Lair (2/5) D:9
    Orc (0/2) D:10        Gauntlet (visited)
  Swamp: Lair:2-3    Shoals: Lair:2-3     Snake: Lair:2-3    Spider: Lair:2-3

Altars:
Ashenzari
Kikubaaqudgha
Makhleb
Okawaru
Qazlal
Trog
Yredelemnul

Shops:
D:2 =   D:3 *(*

Annotations:
D:6 3 runed translucent doors, Yogidamonk's ghost, novice MiHu


Innate Abilities, Weirdness & Mutations

You have a pair of horns on your head.
You reflexively headbutt those who attack you in melee.


Message History

You slice the death yak!! You burn the death yak.
You kill the death yak!
Trog accepts your kill.
You see here a death yak corpse.
You start resting.
HP restored.
There is a stone staircase leading down here.
You climb downwards.
The death yak gores you!!
A yak comes into view.
The death yak gores you. The death yak barely misses you.
The death yak gores you but does no damage.
The death yak gores you!! The death yak gores you.
There is a stone staircase leading up, spattered with blood here.
Unknown command.
A red film seems to cover your vision as you go berserk!
You feel yourself moving faster!
You feel mighty!
The yak bellows!
The death yak gores you. x2; The death yak gores you!!
You barely miss the death yak. You barely miss the death yak.
The death yak gores you!
The death yak gores you but does no damage.
The death yak gores you!
* * * LOW HITPOINT WARNING * * *
You hit the death yak but do no damage. The death yak gores you!
* * * LOW HITPOINT WARNING * * *
The death yak gores you!
* * * LOW HITPOINT WARNING * * *
The death yak gores you.
* * * LOW HITPOINT WARNING * * *
You slash the death yak! You burn the death yak.
The death yak is moderately wounded.
Unknown command.
You are too berserk!
You slash the death yak! You burn the death yak. You headbutt the death yak!
The death yak is severely wounded.
The death yak gores you.
* * * LOW HITPOINT WARNING * * *
The death yak gores you but does no damage.
The death yak gores you!
You die...

...............≈≈.
...............≈≈.
###............≈≈≈
#.^..##...#..≈≈≈ ..
#..........P...≈
..##..............≈
........#Y.........
.........Y........ ...
##....#.Y@....... ....
#......Y...P....
#..####....#.....#....
####.P#P.....##.........
........................
........................
........................
≈.....................?.
≈....................


You could see 3 death yaks and a yak.

Vanquished Creatures
  A minotaur (Gauntlet)
  Erica (D:9)
  2 two-headed ogres
  A death yak (Lair:1)
  A fire crab (Gauntlet)
  An elephant (D:9)
  Joseph (D:9)
  A black mamba (Lair:1)
  Psyche (D:9)
  3 cane toads
  2 komodo dragons (Lair:1)
  A large abomination (Gauntlet)
  A hornet (D:10)
  4 blink frogs (Lair:1)
  A yak (D:9)
  3 wyverns
  A vampire (D:9)
  3 basilisks
  2 steam dragons
  2 fire bats (Gauntlet)
  Menkaure (D:6)
  2 acid dragons (D:10)
  6 water moccasins
  2 orc warriors
  An ice beast (D:5)
  A sky beast (D:7)
  A black bear (D:5)
  An ogre (D:5)
  9 wolves (Lair:1)
  2 centaurs
  3 kobold brigands
  4 bullfrogs
  2 gnoll sergeants (D:9)
  4 small abominations (Gauntlet)
  3 scorpions
  5 wights (D:6)
  3 killer bees (D:10)
  4 howler monkeys
  3 jellies
  6 hounds
  Crazy Yiuf (D:4)
  7 orc priests
  5 gnoll boudas
  3 iguanas
  Natasha (thrice) (D:3)
  10 orc wizards
  A mummy (D:6)
  27 gnolls
  7 adders
  2 shadow imps
  A white imp (D:7)
  An ufetubus (D:5)
  3 worms (D:2)
  A dart slug (D:1)
  35 orcs
  8 endoplasms
  3 giant cockroaches
  5 hobgoblins
  14 jackals
  2 quokkas (D:1)
  6 ball pythons
  2 bats
  4 frilled lizards
  6 goblins
  20 kobolds
  10 rats
283 creatures vanquished.

Vanquished Creatures (others)
  6 fungi
  14 plants
20 creatures vanquished.

Grand Total: 303 creatures vanquished

Notes
Turn   | Place    | Note
-------+----------+-------------------------------------------
     0 | D:1      | nucleargodhead the Minotaur Berserker began the quest for
                  | the Orb.
     0 | D:1      | Reached XP level 1. HP: 19/19 MP: 0/0
   117 | D:1      | Reached XP level 2. HP: 27/27 MP: 1/1
   790 | D:1      | Reached XP level 3. HP: 33/34 MP: 2/2
   962 | D:1      | Reached ** piety under Trog
  2102 | D:2      | Reached XP level 4. HP: 35/41 MP: 3/3
  2248 | D:2      | Found Tougrag's One-of-a-Kind Rings.
  2305 | D:2      | Reached skill level 5 in Fighting
  2305 | D:2      | Reached skill level 5 in Long Blades
  2598 | D:2      | Found a faded altar of an unknown god.
  3049 | D:3      | Reached XP level 5. HP: 42/48 MP: 4/4
  3271 | D:3      | Found Rupur's Weapon Shoppe.
  3281 | D:3      | Noticed Natasha
  3287 | D:3      | Killed Natasha
  3289 | D:3      | Noticed Natasha
  3294 | D:3      | Killed Natasha
  3294 | D:3      | Reached *** piety under Trog
  3428 | D:3      | Found Huly's General Store.
  3860 | D:3      | Reached XP level 6. HP: 48/57 MP: 5/5
  3903 | D:3      | Noticed Natasha
  3918 | D:3      | Killed Natasha
  3937 | D:3      | Found Waohail's Assorted Antiques.
  4690 | D:4      | Found a broken altar of Ashenzari.
  5209 | D:4      | Found a stormy altar of Qazlal.
  5427 | D:4      | Found a runed translucent door.
  5428 | D:4      | Noticed Crazy Yiuf
  5434 | D:4      | Killed Crazy Yiuf
  5480 | D:5      | Entered Level 5 of the Dungeon
  5677 | D:5      | Noticed an ice beast
  5689 | D:5      | Killed an ice beast
  5690 | D:5      | Reached XP level 7. HP: 66/66 MP: 6/6
  7070 | D:5      | Reached XP level 8. HP: 69/75 MP: 7/7
  7625 | D:6      | Found a transporter.
  8000 | D:6      | Found a staircase to the Ecumenical Temple.
  8091 | D:6      | Reached skill level 10 in Fighting
  8091 | D:6      | Reached skill level 10 in Long Blades
  8223 | D:6      | Found a burning altar of Makhleb.
  8286 | D:6      | Found a basalt altar of Yredelemnul.
  8287 | D:6      | Found a transporter.
  8287 | D:6      | Noticed Menkaure
  8288 | D:6      | Found an ancient bone altar of Kikubaaqudgha.
  8362 | D:6      | Found a runed translucent gate.
  8362 | D:6      | Found a runed translucent gate.
  8362 | D:6      | Noticed Yogidamonk's ghost (novice MiHu)
  8364 | D:6      | Found a runed translucent gate.
  8367 | D:6      | Identified the +2 leather armour "Ibrish" {Fly}
  8603 | D:6      | Killed Menkaure
  8608 | D:6      | Reached XP level 9. HP: 51/86 MP: 8/8
  9279 | D:7      | Identified the ring "Keongim" {*Corrode rF+++ rC+ Str+10
                  | Int-5}
  9315 | D:7      | Reached **** piety under Trog
  9467 | D:7      | Found an iron altar of Okawaru.
 10984 | D:9      | Found a staircase to the Lair.
 10984 | D:9      | Noticed an elephant
 10985 | D:9      | Noticed Psyche
 11000 | D:9      | Killed Psyche
 11002 | D:9      | Killed an elephant
 11002 | D:9      | Noticed Erica
 11003 | D:9      | Reached XP level 10. HP: 75/100 MP: 9/9
 11281 | D:9      | Killed Erica
 11592 | D:9      | Reached ***** piety under Trog
 12101 | D:9      | Noticed a two-headed ogre
 12108 | D:9      | Killed a two-headed ogre
 12254 | D:9      | Received a gift from Trog
 12423 | D:9      | Noticed Joseph
 12429 | D:9      | Killed Joseph
 12712 | D:10     | Entered Level 10 of the Dungeon
 12712 | D:10     | Found a staircase to the Orcish Mines.
 12847 | D:10     | Found a bloodstained altar of Trog.
 13544 | D:10     | Noticed a two-headed ogre
 13549 | D:10     | Killed a two-headed ogre
 13550 | D:10     | Reached XP level 11. HP: 111/111 MP: 10/10
 13913 | Lair:1   | Entered Level 1 of the Lair of Beasts
 13994 | Lair:1   | Found a gate leading to a gauntlet.
 14004 | Gauntlet | Entered a Gauntlet
 14004 | Gauntlet | Found a transporter.
 14082 | Gauntlet | Found a transporter.
 14090 | Gauntlet | Noticed a fire crab
 14093 | Gauntlet | Found a transporter.
 14096 | Gauntlet | Found a transporter.
 14098 | Gauntlet | Noticed a quicksilver ooze
 14117 | Gauntlet | Found a transporter.
 14121 | Gauntlet | Noticed a hell beast
 14124 | Gauntlet | Found a transporter.
 14134 | Gauntlet | Found a transporter.
 14142 | Gauntlet | Found a runed translucent gate.
 14142 | Gauntlet | Found a runed translucent gate.
 14142 | Gauntlet | Found a runed translucent gate.
 14144 | Gauntlet | Noticed a ghost crab
 14146 | Gauntlet | Found a transporter.
 14151 | Gauntlet | Found a transporter.
 14151 | Gauntlet | Found a transporter.
 14179 | Gauntlet | Found a transporter.
 14179 | Gauntlet | Found a transporter.
 14231 | Gauntlet | Found a transporter.
 14244 | Gauntlet | Found a transporter.
 14393 | Gauntlet | Killed a fire crab
 14394 | Gauntlet | Reached skill level 15 in Fighting
 14394 | Gauntlet | Reached skill level 15 in Long Blades
 14431 | Gauntlet | Identified the ring "Qooh" {Ice rElec rPois Int+4}
 14433 | Gauntlet | Identified the -1 hat of Carghax {rElec Will+ rCorr}
 14441 | Gauntlet | Noticed a minotaur
 14451 | Gauntlet | Killed a minotaur
 16435 | Lair:2   | Noticed a death yak
 16436 | Lair:2   | Noticed a death yak
 16436 | Lair:2   | Noticed a death yak
 16436 | Lair:2   | Noticed a death yak
 16455 | Lair:1   | Killed a death yak
 16565 | Lair:2   | Mangled by a death yak

Illustrated notes

Levels and vault maps discovered:
D:1:      spicycebolla_green_bress_n_ham_2, layout_loops_corners,
          minmay_splitting_lines, chequers_decorated_corner
D:2:      layout_rooms, dreamdust_ecumenical_altar_angels_and_demons,
          nicolae_shop_unique_rings
D:3:      layout_loops_corners, serial_shops, nicolae_shop_hallway_plus,
          nicolae_shop_bloodbath_and_beyond, shop_statue,
          chequers_serial_rivers_micro_e, nicolae_grassy_gnolls, uniq_natasha
D:4:      layout_cave_pools, overflow_temple_1_default,
          mainiacjoe_overflow_concentric_impassable, uniq_crazy_yiuf_cottage
D:5:      cheibrodos_quashed, layout_loops_corners, minmay_stone_trees_small,
          kennysheep_generic_room_6
D:6:      layout_loops_ring, mainiacjoe_overflow_alcove_2,
          gammafunk_temple_of_torment, minmay_temple_entry_mini_moons,
          gammafunk_ghost_nasty_kobolds, hellmonk_bongcloud_opening
D:7:      layout_basic, kennysheep_mini_moat, kennysheep_decorative_pillar
D:8:      layout_loops_cross
D:9:      layout_basic, david_lair_generic, uniq_psyche, uniq_erica, uniq_joseph
D:10:     layout_roguey, old_standard_altar, orc_0_dummy
Lair:1:   layout_layer_cave, gauntlet_entry_generic, grunt_megastairs_5,
          infiniplex_staircase_pool_2
Lair:2:   layout_regular_city, elwin_shoals_entry_rocks,
          guppyfry_snake_entry_island, minmay_lindwurm_lava,
          infiniplex_staircase_pool

Skill      XL: |  1  2  3  4  5  6  7  8  9 10 11 |
---------------+----------------------------------+-----
Fighting       | 4 5 6 7 8 10 12 14 16 | 16.4
Long Blades    | 4 5 6 7 8 10 12 14 16 | 16.4
Armour         | |  2.4
Dodging        | |  2.1

Action                   |  1- 3 |  4- 6 |  7- 9 | 10-12 || total
-------------------------+-------+-------+-------+-------++-------
Melee: Falchion          |   118 |   182 |   168 |       ||   468
       Headbutt          |    19 |    21 |    56 |    43 ||   139
       Punch             |     2 |     1 |     1 |       ||     4
       Unarmed           |       |     7 |       |       ||     7
       Great sword       |       |       |   120 |   216 ||   336
Throw: Throwing net      |       |       |       |     2 ||     2
Invok: Berserk           |     2 |     6 |     8 |    10 ||    26
       Trog's Hand       |       |     2 |     5 |     3 ||    10
Evoke: Wand              |       |       |     1 |       ||     1
  Use: Scroll            |       |     1 |       |    12 ||    13
       Potion            |       |     1 |       |       ||     1
 Stab: Sleeping          |       |     1 |       |       ||     1
       Held in net/web   |       |       |       |     1 ||     1
Armor: Animal skin       |    22 |    15 |       |       ||    37
       Ring mail         |       |    23 |    52 |       ||    75
       Skin              |       |     1 |       |       ||     1
       Chain mail        |       |       |    65 |    17 ||    82
       Plate armour      |       |       |       |   104 ||   104
Dodge: Dodged            |    87 |   103 |   145 |    94 ||   429

Table legend: (Time is in decaauts)
 A = Elapsed time spent in this place.
 B = Non-inter-level travel time spent in this place.
 C = Inter-level travel time spent in this place.
 D = Time resting spent in this place.
 E = Time spent auto-exploring this place.
 F = Levels seen in this place.
 G = Mean time per level.
                   A        B        C        D        E       F      G
               +--------+--------+--------+--------+--------+-----+--------+
         Total |  16793 |  16358 |    435 |   4457 |   9700 |  13 | 1291.8 |
       Dungeon |  14463 |  14037 |    426 |   3908 |   8384 |  10 | 1446.3 |
          Lair |   1809 |   1800 |      9 |    544 |    997 |   2 |  904.5 |
      Gauntlet |    519 |    519 |      0 |      4 |    318 |   1 |  519.0 |
               +--------+--------+--------+--------+--------+-----+--------+

Top non-repeatable levels by time:
     D:5: 2154 daAuts
     D:9: 1973 daAuts
  Lair:1: 1672 daAuts
     D:3: 1644 daAuts
     D:8: 1462 daAuts
     D:1: 1454 daAuts
     D:2: 1310 daAuts
    D:10: 1189 daAuts
     D:4: 1137 daAuts
     D:6: 1106 daAuts
     D:7: 1029 daAuts
Gauntlet: 519 daAuts
  Lair:2: 137 daAuts
